 Dungeon Crawl Stone Soup version 0.31-a0-703-gcfe89afef6 (webtiles) character file.

Game seed: 10616404139625605005

96 quinnr the Gusty (level 4, -4/25 HPs)
             Began as a Tengu Air Elementalist on Sept 8, 2023.
             Killed by nerve-wracking pain
             ... invoked by an orc priest
              (10 damage)
             ... on level 2 of the Dungeon.
             The game lasted 00:04:06 (2617 turns).

quinnr the Gusty (Tengu Air Elementalist)           Turns: 2617, Time: 00:04:06

Health: -4/25      AC:  3    Str:  9    XL:     4   Next: 67%
Magic:  7/8        EV: 12    Int: 17    God:
Gold:   172        SH:  0    Dex: 14    Spells: 3/7 levels left

rFire   + . .        o - staff of fire {!a}
rCold   . . .        (no shield)
rNeg    . . .        a - +0 robe
rPois   .            (helmet restricted)
rElec   .            c - +0 cloak
rCorr   .            (no gloves)
SInv    .            (boots unavailable)
Will    .....        j - amulet of magic regeneration
Stlth   ++           (no ring)
HPRegen 0.24/turn    (no ring)
MPRegen 0.51/turn

%: acrobat
@: no status effects
A: beak, talons 3, acrobatic
a: no special abilities


You were on level 2 of the Dungeon.
You visited 1 branch of the dungeon, and saw 3 of its levels.

You collected 172 gold pieces.


Innate Abilities, Weirdness & Mutations

You have a beak for a mouth.
You have claws for feet.
You can magically evade attacks while moving or waiting.


   Skills:
 - Level 1.0 Fighting
 - Level 2.1 Dodging
 + Level 3.2 Stealth
 - Level 2.0 Spellcasting
 - Level 1.3 Conjurations
 - Level 6.0 Air Magic


You had 3 spell levels left.
You knew the following spells:

 Your Spells              Type           Power      Damage    Failure   Level
i - Swiftness             Air            22%        N/A       4%          3
z - Shock                 Conj/Air       56%        1d6       4%          1

Your spell library contained the following spells:

 Spells                   Type           Power      Damage    Failure   Level
 Static Discharge         Conj/Air       28%        2-4/arc   6%          2
 Airstrike                Air            11%        2d(2-18)  16%         4

Inventory:

Missiles
 h - a throwing net {=f}
Armour
 a - a +0 robe (worn)
 c - a +0 cloak (worn)
Magical Staves
 o - a staff of fire (weapon) {!a}
Jewellery
 j - an amulet of magic regeneration (around neck)
Scrolls
 d - a scroll of enchant armour {unknown}
 f - a scroll of immolation {unknown}
 g - a scroll of teleportation {unknown}
 k - a scroll of vulnerability {unknown}
 m - a scroll of amnesia {unknown}
 n - a scroll of fear {unknown}
 p - a scroll of revelation {unknown}
Potions
 b - a potion of magic
 e - a potion of haste {unknown}
 i - a potion of heal wounds {unknown}
 l - a potion of invisibility {unknown}

Dungeon Overview and Level Annotations

Branches:
Dungeon (3/15)

Altars:

.................)..##.#
....#.............#.##.#####
#####...............##.....#
..................#........#
..................#..#.....#
........####......##...#####
.......## #......###..#
.......# #......# #>.##
.......# #...o@.# #...#
.......# ######## #...#
.......# #...# .......#
#.).# .......# #...#
######## #...# #...# #...#
#...#


You could see an orc priest.


Message History

Unknown command.
Casting: Shock (safe; 4% risk of failure)
Confirm with . or Enter, or press ? or * to list all spells.
You don't know that spell.
Unknown command.
Casting: Shock (safe; 4% risk of failure)
Confirm with . or Enter, or press ? or * to list all spells.
Aiming: Shock (safe; 4% risk of failure)
Press: ? - help, Shift-Dir - straight line The zap misses the orc priest.
The orc priest calls down the wrath of Beogh upon you.
Pain shoots through your body!
* * * LOW HITPOINT WARNING * * *
Unknown command.
Unknown command.
You closely miss the orc priest. Your kick misses the orc priest.
The orc priest is moderately wounded.
The orc priest hits you with a +0 falchion.
* * * LOW HITPOINT WARNING * * *
Unknown command.
Unknown command.
Casting: Shock (safe; 4% risk of failure)
Confirm with . or Enter, or press ? or * to list all spells.
Aiming: Shock (safe; 4% risk of failure)
Press: ? - help, Shift-Dir - straight line The zap hits the orc priest.
The orc priest is moderately wounded.
The orc priest calls down the wrath of Beogh upon you.
Pain shoots through your body!
You die...

Skill      XL: |  1  2  3  4 |
---------------+-------------+-----
Air Magic      | 5 6 |  6.0
Fighting       | 1 |  1.0
Stealth        | 3 |  3.2
Dodging        | |  2.1
Spellcasting   | |  2.0
Conjurations   | |  1.3

Action                     |  1- 3 |  4- 6 || total
---------------------------+-------+-------++-------
  Melee: Unarmed           |     4 |       ||     4
         Kick              |     1 |       ||     1
         Staff             |       |     1 ||     1
   Cast: Shock             |    87 |    25 ||   112
 Armour: Robe              |    11 |     1 ||    12
  Dodge: Dodged            |    15 |     4 ||    19

Levels and vault maps discovered:
D:1:      dpeg_arrival_yet_another_circle, layout_loops_ring,
          minmay_crystal_water, nicolae_eternal_life, minmay_octomino_e4
D:2:      layout_rooms, serial_bayou_pond_c, nicolae_kite_square_tiling_tiny,
          uniq_robin
D:3:      layout_rooms, fiery_altar_vehumet, serial_bayou, serial_bayou_pond_a,
          serial_bayou_crossing, serial_bayou_shore_a, serial_bayou_lagoon_a

Notes
Turn   | Place    | Note
-------+----------+-------------------------------------------
     0 | D:1      | quinnr the Tengu Air Elementalist began the quest for the
                  | Orb.
     0 | D:1      | Reached XP level 1. HP: 10/10 MP: 4/4
   140 | D:1      | Reached XP level 2. HP: 15/15 MP: 3/6
   469 | D:1      | Reached skill level 5 in Air Magic
   723 | D:1      | Reached XP level 3. HP: 19/19 MP: 3/7
  1646 | D:2      | Reached skill level 6 in Air Magic
  1722 | D:2      | Noticed Robin
  1934 | D:2      | Learned a level 3 spell: Swiftness
  2084 | D:2      | Killed Robin
  2085 | D:2      | Reached skill level 1 in Fighting
  2085 | D:2      | Reached XP level 4. HP: 25/25 MP: 5/8
  2203 | D:2      | Reached skill level 3 in Stealth
  2617 | D:2      | Killed from afar by an orc priest

Vanquished Creatures
  Robin (D:2)
  2 adders (D:2)
  6 dart slugs
  An orc (D:3)
  4 endoplasms (D:1)
  2 giant cockroaches (D:1)
  13 goblins
  3 hobgoblins
  3 quokkas
  6 ball pythons
  5 bats
  A frilled lizard (D:1)
  4 kobolds (D:1)
  2 rats (D:1)
53 creatures vanquished.

Table legend: (Time is in decaauts)
 A = Elapsed time spent in this place.
 B = Non-inter-level travel time spent in this place.
 C = Inter-level travel time spent in this place.
 D = Time resting spent in this place.
 E = Time spent auto-exploring this place.
 F = Levels seen in this place.
 G = Mean time per level.
                   A        B        C        D        E       F      G
               +--------+--------+--------+--------+--------+-----+--------+
         Total |   2626 |   2527 |     99 |    340 |   1789 |   3 |  875.3 |
       Dungeon |   2626 |   2527 |     99 |    340 |   1789 |   3 |  875.3 |
               +--------+--------+--------+--------+--------+-----+--------+

Top non-repeatable levels by time:
     D:1: 1844 daAuts
     D:2: 746 daAuts
     D:3: 36 daAuts

Table legend:
 A = Non-vault XP
 B = Vault XP
 C = Vault XP percentage of total XP
 D = Non-vault monster count
 E = Vault monster count
 F = Vault count percentage of total count
                 A         B        C        D         E       F
            +---------+---------+-------+---------+---------+-------
      Total |     100 |      38 |  27.5 |      39 |      14 |  26.4
            +---------+---------+-------+---------+---------+-------
        D:1 |      49 |      10 |  16.9 |      24 |       6 |  20.0
        D:2 |      44 |      28 |  38.9 |      11 |       8 |  42.1
        D:3 |       7 |       0 |   0.0 |       4 |       0 |   0.0
            +---------+---------+-------+---------+---------+-------

Levels and vault maps discovered:
D:1:      dpeg_arrival_yet_another_circle, layout_loops_ring,
          minmay_crystal_water, nicolae_eternal_life, minmay_octomino_e4
D:2:      layout_rooms, serial_bayou_pond_c, nicolae_kite_square_tiling_tiny,
          uniq_robin
D:3:      layout_rooms, fiery_altar_vehumet, serial_bayou, serial_bayou_pond_a,
          serial_bayou_crossing, serial_bayou_shore_a, serial_bayou_lagoon_a
